General information
- name: BNet
- type: Ladder team game (AT/RT)
- host: Battle.net
- saver: brucewillisusa
map: Mur'gulOasis
- players: 8
- length: 28:23
- speed: Fast
- version: 1.24 W3XP
- replay type: Public
» download(218 KB)
Players
team 1 (winner)

»
brucewillisusa (
red | 62 APM | 1768 actions | 28:23)
7 Priestess of the Moon
3 Searing Arrows
3 Trueshot Aura
1 Starfall
» actions
| Assign group hotkey | 53 | |
| Basic commands | 35 | |
| Build / train | 48 | |
| ESC pressed | 7 | |
| Enter build submenu | 19 | |
| Enter hero's abilities submenu | 7 | |
| Give item / drop item | 2 | |
| Right click | 897 | |
| Select / deselect | 199 | |
| Select group hotkey | 438 | |
| Use ability | 63 | |
1768 total
» units
| Wisp | 16 | |
| Chimaera | 4 | |
| Hippogryph | 7 | |
27 total
» upgrades
| Strength of the Wild | 2 | |
| Corrosive Breath | 1 | |
3 total
» buildings
| Altar of Elders | 2 | |
| Moon Well | 8 | |
| Tree of Ages | 2 | |
| Tree of Eternity | 1 | |
| Ancient of Wind | 1 | |
| Chimaera Roost | 4 | |
| Hunter's Hall | 1 | |
| Tree of Life | 2 | |
| Altar of Storms | 1 | |
22 total
» build order
00:07 Altar of Elders
00:10 Moon Well
02:13 Tree of Ages
02:19 Moon Well
02:22 Moon Well
02:26 Moon Well
03:06 Moon Well
03:09 Moon Well
04:37 Tree of Eternity
05:30 Ancient of Wind
07:01 Chimaera Roost
07:02 Chimaera Roost
07:02 Chimaera Roost
07:33 Hunter's Hall
08:32 Chimaera Roost
08:35 Moon Well
08:35 Moon Well
17:14 Tree of Life
20:22 Tree of Life
25:42 Altar of Storms
27:04 Altar of Elders
» items
| Scroll of Town Portal | 4 | |
| Scroll of Healing | 1 | |
| Scroll of Protection | 1 | |
| Scroll of Regeneration | 1 | |
7 total

»
poiuytrewqlkjhg (
orange | 33 APM | 934 actions | 28:21)
3 Demon Hunter
2 Mana Burn
1 Evasion
2 Priestess of the Moon
1 Trueshot Aura
1 Scout
» actions
| Assign group hotkey | 1 | |
| Basic commands | 92 | |
| Build / train | 51 | |
| Enter build submenu | 17 | |
| Enter hero's abilities submenu | 5 | |
| Remove unit from queue | 2 | |
| Right click | 374 | |
| Select / deselect | 338 | |
| Use ability | 54 | |
934 total
» units
| Wisp | 12 | |
| Archer | 5 | |
| Huntress | 6 | |
| Mountain Giant | 1 | |
| Hippogryph | 6 | |
30 total
» upgrades
| Strength of the Moon | 2 | |
| Moon Armor | 2 | |
| Improved Bows | 1 | |
| Upgrade Moon Glaive | 1 | |
| Sentinel | 1 | |
| Marksmanship | 1 | |
8 total
» buildings
| Moon Well | 8 | |
| Altar of Elders | 1 | |
| Ancient of War | 1 | |
| Hunter's Hall | 1 | |
| Tree of Ages | 1 | |
| Tree of Eternity | 1 | |
| Ancient of Lore | 1 | |
| Ancient of Wonders | 1 | |
| Ancient of Wind | 1 | |
| Tree of Life | 1 | |
17 total
» build order
00:19 Moon Well
00:33 Altar of Elders
01:13 Ancient of War
01:29 Moon Well
02:13 Hunter's Hall
03:46 Tree of Ages
03:54 Moon Well
05:06 Moon Well
07:30 Moon Well
08:10 Moon Well
08:44 Moon Well
08:47 Tree of Eternity
09:09 Moon Well
09:17 Ancient of Lore
10:44 Ancient of Wonders
12:07 Ancient of Wind
27:44 Tree of Life
» items
| Healing Salve | 1 | |
| Scroll of Town Portal | 1 | |
2 total

»
Liko (
blue | 61 APM | 1398 actions | 22:44)
3 Blademaster
2 Wind Walk
1 Critical Strike
» actions
| Assign group hotkey | 22 | |
| Basic commands | 22 | |
| Build / train | 53 | |
| Enter build submenu | 17 | |
| Enter hero's abilities submenu | 3 | |
| Right click | 621 | |
| Select / deselect | 282 | |
| Select group hotkey | 272 | |
| Use ability | 105 | |
1398 total
» units
| Peon | 8 | |
| Spirit Walker | 5 | |
| Tauren | 6 | |
| Troll Witch Doctor | 1 | |
20 total
» upgrades
| Spirit Walker Training | 2 | |
| Witch Doctor Training | 1 | |
| Reinforced Defenses | 1 | |
4 total
» buildings
| Altar of Storms | 1 | |
| Orc Burrow | 6 | |
| Voodoo Lounge | 1 | |
| Stronghold | 3 | |
| War Mill | 1 | |
| Fortress | 2 | |
| Spirit Lodge | 2 | |
| Tauren Totem | 1 | |
| Watch Tower | 4 | |
21 total
» build order
00:08 Altar of Storms
00:20 Orc Burrow
01:06 Voodoo Lounge
02:10 Stronghold
02:11 Stronghold
03:51 Orc Burrow
04:09 War Mill
04:33 Fortress
04:34 Spirit Lodge
05:21 Spirit Lodge
06:58 Tauren Totem
08:43 Orc Burrow
08:45 Orc Burrow
10:21 Orc Burrow
12:01 Orc Burrow
14:31 Watch Tower
14:35 Watch Tower
14:40 Watch Tower
14:47 Watch Tower
» items
| Healing Salve | 3 | |
| Lesser Clarity Potion | 4 | |
| Scroll of Speed | 4 | |
| Circlet of Nobility | 3 | |
| Boots of Speed | 1 | |
| Potion of Healing | 2 | |
| Potion of Mana | 1 | |
| Orb of Lightning | 1 | |
| Scroll of Protection | 1 | |
20 total
Thizzles (
teal | 62 APM | 1771 actions | 28:21)
3 Archmage
2 Summon Water Elemental
1 Brilliance Aura
3 Mountain King
2 Storm Bolt
1 Bash
» actions
| Assign group hotkey | 49 | |
| Basic commands | 26 | |
| Build / train | 81 | |
| ESC pressed | 2 | |
| Enter build submenu | 43 | |
| Enter hero's abilities submenu | 6 | |
| Give item / drop item | 1 | |
| Right click | 769 | |
| Select / deselect | 289 | |
| Select group hotkey | 423 | |
| Use ability | 82 | |
1771 total
» units
| Peasant | 8 | |
| Footman | 7 | |
| Rifleman | 7 | |
| Mortar Team | 2 | |
| Sorceress | 3 | |
| Flying Machine | 14 | |
| Siege Engine | 2 | |
43 total
» upgrades
| Flak Cannons | 1 | |
| Gunpowder | 1 | |
| Barrage | 1 | |
| Flying Machine Bombs | 1 | |
4 total
» buildings
| Altar of Kings | 1 | |
| Barracks | 1 | |
| Farm | 12 | |
| Scout Tower | 17 | |
| Keep | 1 | |
| Arcane Tower | 2 | |
| Arcane Vault | 1 | |
| Blacksmith | 1 | |
| Lumber Mill | 2 | |
| Guard Tower | 12 | |
| Workshop | 2 | |
| Arcane Sanctum | 1 | |
| Castle | 1 | |
| Town Hall | 1 | |
55 total
» build order
00:09 Altar of Kings
00:22 Barracks
00:35 Farm
01:05 Farm
01:43 Farm
02:09 Scout Tower
03:01 Keep
03:09 Arcane Tower
03:49 Arcane Vault
04:33 Blacksmith
04:43 Lumber Mill
04:47 Lumber Mill
04:53 Scout Tower
04:57 Farm
05:45 Arcane Tower
06:16 Guard Tower
06:17 Farm
06:22 Farm
07:20 Farm
07:22 Farm
07:26 Farm
07:47 Workshop
07:51 Arcane Sanctum
11:44 Castle
13:42 Workshop
15:26 Farm
15:29 Farm
15:36 Scout Tower
15:39 Scout Tower
15:40 Scout Tower
15:42 Scout Tower
15:44 Scout Tower
16:03 Scout Tower
16:13 Guard Tower
16:14 Guard Tower
16:16 Scout Tower
16:32 Guard Tower
16:36 Scout Tower
16:38 Guard Tower
17:29 Guard Tower
17:33 Scout Tower
17:36 Scout Tower
18:24 Guard Tower
18:26 Guard Tower
18:33 Guard Tower
20:11 Scout Tower
20:14 Scout Tower
20:15 Scout Tower
20:16 Scout Tower
20:17 Scout Tower
20:55 Guard Tower
20:56 Guard Tower
20:58 Guard Tower
21:38 Farm
25:33 Town Hall
» items
| Scroll of Regeneration | 3 | |
| Lesser Clarity Potion | 3 | |
| Scroll of Town Portal | 3 | |
| Potion of Healing | 1 | |
10 total
team 2 (loser)

»
Wert]Doof (
pink | 102 APM | 2890 actions | 28:21)
5 Demon Hunter
2 Mana Burn
3 Evasion
4 Keeper of the Grove
2 Entangling Roots
2 Force of Nature
1 Tauren Chieftain
1 Endurance Aura
» actions
| Assign group hotkey | 22 | |
| Basic commands | 13 | |
| Build / train | 59 | |
| Enter build submenu | 14 | |
| Enter hero's abilities submenu | 10 | |
| Give item / drop item | 1 | |
| Remove unit from queue | 2 | |
| Right click | 1353 | |
| Select / deselect | 259 | |
| Select group hotkey | 1068 | |
| Use ability | 89 | |
2890 total
» units
| Wisp | 10 | |
| Archer | 4 | |
| Hippogryph | 5 | |
| Chimaera | 5 | |
24 total
» upgrades
| Strength of the Wild | 2 | |
| Corrosive Breath | 1 | |
3 total
» buildings
| Altar of Elders | 1 | |
| Moon Well | 6 | |
| Ancient of War | 1 | |
| Tree of Ages | 3 | |
| Hunter's Hall | 1 | |
| Tree of Eternity | 3 | |
| Ancient of Wind | 2 | |
| Chimaera Roost | 2 | |
| Tree of Life | 2 | |
21 total
» build order
00:08 Altar of Elders
00:21 Moon Well
01:30 Ancient of War
01:35 Moon Well
02:28 Tree of Ages
02:29 Tree of Ages
02:40 Moon Well
04:59 Hunter's Hall
05:22 Tree of Eternity
05:23 Tree of Eternity
05:28 Ancient of Wind
05:29 Ancient of Wind
06:36 Moon Well
07:11 Moon Well
07:45 Chimaera Roost
07:51 Chimaera Roost
09:49 Moon Well
15:56 Tree of Life
17:09 Tree of Life
» items
ForDeathKnight (
purple | 114 APM | 3220 actions | 28:21)
5 Death Knight
3 Death Coil
2 Unholy Aura
4 Lich
2 Frost Nova
2 Dark Ritual
» actions
| Assign group hotkey | 123 | |
| Basic commands | 151 | |
| Build / train | 77 | |
| ESC pressed | 2 | |
| Enter build submenu | 23 | |
| Enter hero's abilities submenu | 9 | |
| Give item / drop item | 2 | |
| Right click | 1691 | |
| Select / deselect | 325 | |
| Select group hotkey | 568 | |
| Use ability | 249 | |
3220 total
» units
| Acolyte | 2 | |
| Ghoul | 11 | |
| Gargoyle | 5 | |
| Obsidian Statue | 4 | |
22 total
» upgrades
| Destroyer Form | 1 | |
| Ghoul Frenzy | 1 | |
2 total
» buildings
| Crypt | 1 | |
| Altar of Darkness | 1 | |
| Ziggurat | 4 | |
| Tomb of Relics | 2 | |
| Halls of the Dead | 3 | |
| Graveyard | 1 | |
| Black Citadel | 3 | |
| Slaughterhouse | 3 | |
| Nerubian Tower | 2 | |
| Necropolis | 3 | |
| Orc Burrow | 1 | |
24 total
» build order
00:15 Crypt
00:16 Altar of Darkness
00:45 Ziggurat
00:59 Tomb of Relics
01:11 Tomb of Relics
01:42 Ziggurat
04:39 Halls of the Dead
04:39 Halls of the Dead
05:04 Graveyard
05:46 Ziggurat
07:10 Black Citadel
07:11 Black Citadel
07:11 Black Citadel
07:14 Slaughterhouse
07:16 Slaughterhouse
07:59 Slaughterhouse
08:06 Nerubian Tower
09:25 Ziggurat
14:51 Necropolis
15:20 Necropolis
17:29 Necropolis
20:17 Orc Burrow
» items
| Rod of Necromancy | 6 | |
| Dust of Appearance | 1 | |
| Potion of Healing | 1 | |
| Orb of Corruption | 1 | |
| Potion of Lesser Invulnerability | 1 | |
| Scroll of Town Portal | 1 | |
| Scroll of Healing | 1 | |
12 total

»
Flyingnite (
green | 58 APM | 966 actions | 16:39)
2 Far Seer
1 Feral Spirit
1 Chain Lighting
3 Tauren Chieftain
2 War Stomp
1 Endurance Aura
» actions
| Assign group hotkey | 35 | |
| Basic commands | 77 | |
| Build / train | 41 | |
| Enter build submenu | 13 | |
| Enter hero's abilities submenu | 5 | |
| Right click | 361 | |
| Select / deselect | 255 | |
| Select group hotkey | 117 | |
| Use ability | 62 | |
966 total
» units
» upgrades
| Berserker Strength | 1 | |
| Melee Weapons | 1 | |
| Armor | 1 | |
| Shaman Training | 1 | |
4 total
» buildings
| Altar of Storms | 1 | |
| Orc Burrow | 4 | |
| Barracks | 2 | |
| Voodoo Lounge | 1 | |
| War Mill | 1 | |
| Stronghold | 1 | |
| Fortress | 1 | |
| Spirit Lodge | 2 | |
13 total
» build order
00:07 Altar of Storms
00:17 Orc Burrow
00:39 Barracks
00:41 Barracks
01:30 Orc Burrow
01:52 Voodoo Lounge
02:15 War Mill
03:57 Stronghold
04:11 Orc Burrow
06:12 Orc Burrow
08:40 Fortress
08:54 Spirit Lodge
09:31 Spirit Lodge
» items
| Healing Salve | 5 | |
| Potion of Healing | 1 | |
| Scroll of Speed | 1 | |
| Lesser Clarity Potion | 3 | |
| Orb of Lightning | 1 | |
11 total

»
DA_Juggernaut86 (
yellow | 36 APM | 1008 actions | 28:21)
6 Death Knight
3 Death Coil
2 Unholy Aura
1 Animate Dead
» actions
| Assign group hotkey | 5 | |
| Basic commands | 3 | |
| Build / train | 43 | |
| Enter build submenu | 13 | |
| Enter hero's abilities submenu | 6 | |
| Right click | 571 | |
| Select / deselect | 272 | |
| Select group hotkey | 33 | |
| Use ability | 62 | |
1008 total
» units
| Acolyte | 3 | |
| Ghoul | 3 | |
| Crypt Fiend | 8 | |
| Obsidian Statue | 7 | |
21 total
» upgrades
| Creature Attack | 3 | |
| Creature Carapace | 1 | |
| Web | 1 | |
| Burrow | 1 | |
| Destroyer Form | 1 | |
7 total
» buildings
| Altar of Darkness | 1 | |
| Crypt | 1 | |
| Ziggurat | 7 | |
| Graveyard | 1 | |
| Tomb of Relics | 1 | |
| Nerubian Tower | 1 | |
| Halls of the Dead | 1 | |
| Slaughterhouse | 2 | |
| Black Citadel | 1 | |
16 total
» build order
00:12 Altar of Darkness
00:15 Crypt
00:37 Ziggurat
01:03 Graveyard
01:30 Tomb of Relics
02:15 Ziggurat
04:15 Ziggurat
04:31 Nerubian Tower
05:05 Ziggurat
05:27 Halls of the Dead
08:01 Slaughterhouse
08:04 Black Citadel
08:07 Slaughterhouse
08:09 Ziggurat
12:06 Ziggurat
13:31 Ziggurat
» items
| Rod of Necromancy | 1 | |
| Dust of Appearance | 2 | |
| Scroll of Speed | 1 | |
| Potion of Healing | 1 | |
5 total
Chat log
(00:15 / Allies) Liko: harrassing hard blade
(00:32 / Allies) brucewillisusa: str8 teching chims
(00:42 / Allies) Thizzles: bad idea..
(00:51 / Allies) brucewillisusa: we already lost anyway
(00:56 / Allies) brucewillisusa: im this teams "big player" and im a total noob
(00:57 / Allies) Thizzles: ur proof?
(01:07 / Allies) brucewillisusa: whereas
(01:08 / Allies) brucewillisusa: wert doof
(01:09 / Allies) brucewillisusa: and fordk
(01:11 / Allies) brucewillisusa: are tryhards
(01:17 / Allies) Thizzles: what.....
(01:25 / Allies) brucewillisusa: ur our bottom player
(01:28 / Allies) brucewillisusa: which is why ur guys go idle
(01:30 / Allies) brucewillisusa: when they finish a building
(01:33 / Allies) Liko: lol
(01:41 / Allies) Thizzles: way to notices faggot
(01:43 / Allies) Liko: willis is fine
(01:43 / Allies) brucewillisusa: whereas everyone else on warcraft
(01:45 / Allies) brucewillisusa: uses shift
(01:45 / Allies) Liko: let him tech
(01:55 / Allies) brucewillisusa: if for dk
(01:57 / Allies) brucewillisusa: doesnt go dk fiends
(01:58 / All) poiuytrewqlkjhg: lol
(02:00 / Allies) brucewillisusa: i will cut my hthroat
(02:01 / Allies) brucewillisusa: and die
(02:23 / Allies) Thizzles: ok pal...
(03:11 / Allies) Thizzles: great
(03:15 / Allies) Thizzles: they rush and u all tech
(03:17 / Allies) brucewillisusa: they smell idle peons
(03:26 / Allies) brucewillisusa: call arms?
(04:14 / All) Liko: coil me
(04:20 / All) Liko: nt
(04:59 / Allies) brucewillisusa: they coming me
(05:02 / Allies) brucewillisusa: noticed i odnt have hunits
(05:04 / Allies) brucewillisusa: ghelp my base
(05:09 / Allies) Thizzles: omw
(05:59 / All) brucewillisusa: why didnt u guys just cookie cut
(06:01 / All) brucewillisusa: liek the tryhards u r
(06:24 / Allies) brucewillisusa: det on skelly
(06:25 / Allies) brucewillisusa: drrrr
(06:47 / All) brucewillisusa: lol
(06:51 / All) Wert]Doof: nice time to lag...
(07:09 / Allies) brucewillisusa: det wolves
(07:11 / Allies) brucewillisusa: det skelly
(07:12 / Allies) brucewillisusa: durrrrrrrrrrrrr
(07:13 / Allies) brucewillisusa: DURRRRRRRRRRR
(07:15 / Allies) brucewillisusa: DUIRRRRRRRRRRRR
(07:31 / Allies) Thizzles: nened my help?
(07:50 / All) brucewillisusa: nmicro harder when u dont go fiends
(07:54 / All) brucewillisusa: cant just pull back dk and coil
(09:53 / Allies) Thizzles: ?
(09:54 / Allies) Thizzles: lol
(09:54 / Allies) brucewillisusa: k
(09:56 / Allies) brucewillisusa: roast ghouls
(09:57 / Allies) Thizzles: no lets hit bottom?
(10:01 / Allies) Thizzles: o okay
(10:32 / Allies) brucewillisusa: im out
(11:36 / Allies) Thizzles: will u guys tp to me
(11:38 / Allies) Thizzles: if i get atked?
(11:44 / Allies) brucewillisusa: nto if htey has mass unmounts
(11:44 / Allies) brucewillisusa: ahve
(11:58 / Allies) Thizzles: we need aa,,
(12:01 / Allies) Thizzles: yo
(12:02 / Allies) Thizzles: smash
(12:04 / Allies) Thizzles: main!
(12:30 / Allies) Thizzles: wtf red
(12:31 / Allies) Thizzles: fool
(12:34 / Allies) brucewillisusa: theres no land there
(12:35 / Allies) brucewillisusa: just aa
(12:47 / Allies) brucewillisusa: back
(12:49 / Allies) brucewillisusa: i haleld him
(12:50 / Allies) brucewillisusa: play ddefense
(12:58 / Allies) Liko: im out
(13:02 / All) brucewillisusa: i like how 2 of u fags went "bad units" to coutner me
(13:03 / All) brucewillisusa: lol
(13:14 / All) brucewillisusa: lucky we have no autoweb
(13:32 / Allies) Thizzles: what should i get?
(13:35 / Allies) Thizzles: tanks??
(13:42 / Allies) brucewillisusa: gyro
(13:51 / Allies) Thizzles: portal?!?!?
(14:01 / Allies) brucewillisusa: to suicide?
(14:03 / Allies) brucewillisusa: get tier 3
(14:04 / Allies) brucewillisusa: not tier 1
(14:09 / Allies) brucewillisusa: ill try to force a tp
(14:19 / Allies) Thizzles: k ill finish purple
(14:26 / Allies) brucewillisusa: ALL get aa
(14:29 / Allies) brucewillisusa: ok fags?
(14:53 / Allies) brucewillisusa: mass towers
(14:59 / Allies) Thizzles: y
(15:03 / Allies) brucewillisusa: is that a why
(15:04 / Allies) brucewillisusa: or a yes
(15:05 / Allies) brucewillisusa: mass twoers
(15:07 / Allies) Thizzles: why lol
(15:15 / Allies) brucewillisusa: so we can win
(15:16 / Allies) brucewillisusa: u fucking noob
(15:22 / Allies) Thizzles: no thanks
(15:27 / Allies) Thizzles: faggot..
(15:57 / Allies) brucewillisusa: if u tower up
(15:58 / Allies) brucewillisusa: we can base race
(16:48 / Allies) Thizzles: adn thats whats up
(17:02 / Allies) Liko: gold for 5 bm?
(17:06 / Allies) Liko: nm
(17:08 / Allies) Liko: 3
(17:09 / Allies) Liko: lol
(17:11 / Allies) Liko: 510 gold
(17:14 / Allies) Liko: i have 177
(17:28 / All) Liko: proto > you
(17:51 / Allies) brucewillisusa: finish bases fast
(17:54 / Allies) brucewillisusa: wisp
(18:12 / Allies) Thizzles: so
(18:14 / Allies) Thizzles: wtf we doin
(18:17 / Allies) Thizzles: defending at me?
(18:21 / Allies) brucewillisusa: base race
(18:22 / Allies) brucewillisusa: noobshit
(18:28 / Allies) brucewillisusa: is this really ur first game
(18:28 / Allies) brucewillisusa: ever?
(18:38 / All) brucewillisusa: damn
(18:39 / Allies) Thizzles: ur an idiot
(18:40 / All) brucewillisusa: needed that xp
(18:50 / All) Wert]Doof: why r u talking?
(18:54 / All) brucewillisusa: why are u still herE?
(18:55 / Allies) Thizzles: gold plz
(19:13 / Allies) Thizzles: olmw
(19:18 / Allies) Thizzles: nvm..
(19:39 / Allies) brucewillisusa: FINISH BUILDINGS
(19:41 / Allies) brucewillisusa: DO U UNDERSTAND?
(19:42 / Allies) Thizzles: RG?
(19:43 / Allies) brucewillisusa: THAT IF THEIR BUIDLINGS
(19:44 / Allies) brucewillisusa: RAE DEAD
(19:45 / Allies) brucewillisusa: WE WIN?
(19:51 / Allies) Liko: meet
(19:55 / Allies) Liko: consolidate
(19:57 / Allies) brucewillisusa: SOMEONE BRING ME A FUCKING STAFF OF TP
(20:07 / Allies) Liko: just root
(20:33 / Allies) brucewillisusa: FUCKING NOOBS
(20:35 / Allies) brucewillisusa: KILL BUILDIGNS
(20:36 / Allies) brucewillisusa: EQUALS WIN
(20:37 / Allies) brucewillisusa: BASE
(20:38 / Allies) brucewillisusa: RACE
(20:39 / Allies) Thizzles: dude
(20:40 / Allies) brucewillisusa: STOP HAVING NOOB IDEA
(20:40 / Allies) Thizzles: shut the fuck up
(20:42 / Allies) brucewillisusa: KILL BUILDILNGS
(20:42 / Allies) Thizzles: jesus christ
(20:44 / Allies) brucewillisusa: IDLE PEON TRASH
(20:47 / Allies) Thizzles: they were coming for us
(20:49 / Allies) Thizzles: dip shit
(20:51 / Allies) Thizzles: ur a fucking idiot
(20:51 / Allies) brucewillisusa: so u go home
(20:54 / Allies) brucewillisusa: for "helms deep"
(20:56 / Allies) brucewillisusa: "fional battle"
(20:59 / Allies) brucewillisusa: "consolidate"
(21:00 / Allies) brucewillisusa: fucking retard
(21:06 / Allies) Thizzles: fucking retard
(21:10 / Allies) Thizzles: ur a straight up retard!
(21:18 / Allies) Thizzles: s
(21:19 / Allies) Thizzles: t
(21:19 / Allies) Thizzles: r
(21:20 / Allies) Thizzles: 8
(21:21 / Allies) Thizzles: up..
(21:37 / Allies) brucewillisusa: go kill his air
(21:39 / Allies) Liko: co0ming south
(21:44 / Allies) Liko: chims n tc
(21:48 / Allies) brucewillisusa: gg
(21:50 / Allies) brucewillisusa: when chims die
(21:52 / Allies) brucewillisusa: fucking reatdr
(22:04 / Allies) Liko: hide chims
(22:11 / Allies) Liko: wow mh
(22:19 / Allies) Thizzles: their all there
(22:24 / All) brucewillisusa: "wiow mh"
(22:25 / All) brucewillisusa: my ally syas
(22:27 / All) brucewillisusa: when u find chims
(22:29 / All) brucewillisusa: what a retartd
(22:34 / Allies) Thizzles: this all they got lol
(22:40 / Allies) Thizzles: im gonna mass tanks :D
(22:44 / Allies) Thizzles: helms deep...
(22:54 / Allies) brucewillisusa: gold blue
(22:56 / Allies) brucewillisusa: so we can get his bm
(22:57 / Allies) brucewillisusa: basck
(23:14 / All) brucewillisusa: my team sits on 180 gold each
(23:17 / All) brucewillisusa: but units
(23:20 / All) brucewillisusa: units they can "consodlicate:"
(23:33 / Allies) brucewillisusa: go now
(23:35 / Allies) brucewillisusa: with gyros
(23:36 / Allies) brucewillisusa: kill his town
(23:40 / Allies) brucewillisusa: if he chases u
(23:41 / Allies) brucewillisusa: go into corner
(23:43 / Allies) brucewillisusa: his unmounts
(23:45 / Allies) brucewillisusa: cant kill u there
(23:49 / Allies) brucewillisusa: send gyros alone
(23:50 / Allies) Thizzles: let me get gold
(23:51 / Allies) brucewillisusa: done from a fucking
(23:53 / Allies) brucewillisusa: funeral
(23:54 / Allies) brucewillisusa: procession
(23:57 / Allies) brucewillisusa: of slowass shitunits
(23:57 / Allies) poiuytrewqlkjhg: GOLD!!!!!
(24:01 / Allies) brucewillisusa: SEND GYROS
(24:02 / Allies) brucewillisusa: TO HIS TOWN
(24:02 / Allies) brucewillisusa: NOW
(24:05 / Allies) brucewillisusa: THEY ARENT AT HIS TOWN
(24:07 / Allies) brucewillisusa: SEND TO TOWN
(24:09 / Allies) brucewillisusa: AND RAZZE BUIDLNGS
(24:14 / All) brucewillisusa: THIS GUY IS GONNA MAKE HIS GYROS
(24:15 / All) brucewillisusa: wAIT ON A TANK
(24:17 / All) brucewillisusa: TO CCROSS MAP
(24:19 / All) brucewillisusa: TRASH BGBGBGBGBGBGBBG
(24:34 / Allies) Thizzles: gold
(24:40 / Allies) brucewillisusa: ITS OVER TARD
(24:42 / Allies) brucewillisusa: THIS IS IT
(24:44 / Allies) brucewillisusa: FOLLOW MODE
(24:45 / Allies) brucewillisusa: JESUS
(25:10 / Allies) brucewillisusa: DO U UNDERSTAND
(25:11 / Allies) brucewillisusa: THAT GYROS
(25:12 / Allies) brucewillisusa: MVOE FASTER
(25:13 / Allies) brucewillisusa: THAN A TANK
(25:17 / Allies) brucewillisusa: AND THAT IF U PUT THEM IN FORMATION MOVEMENT
(25:19 / Allies) brucewillisusa: THEY MOVE AS SLOW AS
(25:20 / Allies) brucewillisusa: A TANK???
(25:21 / Allies) Thizzles: gold
(25:22 / Allies) brucewillisusa: Y,N?
(25:50 / Allies) brucewillisusa: 4 BUILDINGS
(25:52 / Allies) brucewillisusa: FOR FUCKS SAKES
(25:59 / Allies) Thizzles: damn dude shut up..
(26:11 / Allies) brucewillisusa: OVER TREES NOW
(26:17 / Allies) brucewillisusa: END GYROS
(26:19 / Allies) brucewillisusa: THEY HAVE NO AA
(26:25 / Allies) brucewillisusa: NO AA AT THEIR AIR ARMY
(26:27 / Allies) brucewillisusa: SEND GYROS
(26:28 / Allies) brucewillisusa: NO
(26:28 / Allies) brucewillisusa: IDIOT
(26:30 / Allies) brucewillisusa: SEND GYROS
(26:31 / Allies) brucewillisusa: TO AIR
(26:34 / Allies) brucewillisusa: HIS FIENDS ARRE GUARDING
(26:36 / Allies) brucewillisusa: SO GO KILL AIR
(26:56 / All) brucewillisusa: RIGHT WHEN IT COMES OUT...
(27:14 / Allies) brucewillisusa: SEND TANKS
(27:15 / Allies) brucewillisusa: ADN GYROS
(27:16 / Allies) brucewillisusa: SAME TIME
(27:19 / Allies) brucewillisusa: SO UR SURE TO DO DAMAGE
(27:41 / Allies) brucewillisusa: NEW MAIN
(27:41 / Allies) brucewillisusa: HERE
(28:03 / Allies) brucewillisusa: SEND 1 TANKS STRAIGHT TO THE ZIG
(28:07 / Allies) brucewillisusa: SDONT ATTACK AIR
(28:08 / Allies) brucewillisusa: ATTACK BUIDLING
(28:09 / Allies) brucewillisusa: DURRR
(28:15 / All) brucewillisusa: BGBGBGBGBGBG
(28:16 / All) Wert]Doof: rofl...
(28:17 / All) brucewillisusa: WORST ALLIES